 Dungeon Crawl Stone Soup version 0.24.0-37-gcf1ca852f1 (webtiles) character file.

Game seed: 1979179020943369434, levelgen mode: deterministic

5086 FishyPogo the Reanimator (level 10, 0/84 HPs)
             Began as a Deep Dwarf Necromancer on Nov 30, 2019.
             Was a Priest of Makhleb.
             Slain by a two-headed ogre
             ... wielding a +0 giant club
              (14 damage)
             ... on level 10 of the Dungeon on Dec 1, 2019.
             The game lasted 01:11:26 (9473 turns).

FishyPogo the Reanimator (Deep Dwarf Necromancer)   Turns: 9473, Time: 01:11:29

Health: 0/84       AC:  7    Str: 12    XL:     10   Next: 31%
Magic:  2/16       EV: 16    Int: 21    God:    Makhleb [***...]
Gold:   709        SH:  0    Dex: 17    Spells: 10/19 levels left

rFire    . . .     SeeInvis .   v - staff of death
rCold    . . .     Gourm    .   (no shield)
rNeg     + + .     Faith    .   L - +0 ring mail
rPois    .         Spirit   .   (no helmet)
rElec    .         Reflect  .   u - +0 cloak
rCorr    .         Harm     .   f - +0 pair of gloves
MR       +....                  (no boots)
Stlth    +++.......             (no amulet)
HPRegen  0.00/turn              H - ring of positive energy
MPRegen  0.15/turn              n - ring of Immorality {Int+2 Dex+4}

@: non-regenerating
A: damage resistance, heal wounds, sense surroundings 2, no regeneration
a: Heal Wounds, Minor Destruction, Lesser Servant of Makhleb, Renounce Religion


You were on level 10 of the Dungeon.
You worshipped Makhleb.
Makhleb was most pleased with you.
You were very hungry.

You visited 1 branch of the dungeon, and saw 10 of its levels.

You collected 709 gold pieces.

Inventory:

Hand Weapons
 a - a +4 quarterstaff of chaos
 b - a +2 vampiric short sword
 m - a +4 great sword
 x - a +3 quarterstaff
Missiles
 t - 31 poisoned darts
 y - 11 boomerangs (quivered)
 z - 2 throwing nets
Armour
 f - a +0 pair of gloves (worn)
 r - a +2 robe of magic resistance
 u - a +0 cloak (worn)
 L - a +0 ring mail (worn)
Magical Staves
 v - an uncursed staff of death (weapon)
Jewellery
 n - the ring of Immorality (right hand) {Int+2 Dex+4}
   (You found it on level 7 of the Dungeon)

   [ring of intelligence]

   It affects your intelligence (+2).
   It affects your dexterity (+4).
 o - an uncursed ring of flight
 E - an uncursed ring of see invisible
 H - a ring of positive energy (left hand)
Wands
 p - a wand of flame (23)
 w - a wand of polymorph (12)
 A - a wand of iceblast (15)
Scrolls
 e - 10 scrolls of remove curse
 g - 2 scrolls of identify
 k - 3 scrolls of teleportation
 l - 2 scrolls of random uselessness
 q - 3 scrolls of fear
 B - 5 scrolls of enchant armour
 C - a scroll of fog
 F - 3 scrolls of magic mapping
 G - a scroll of blinking
Potions
 h - a potion of mutation
 i - 3 potions of curing
 j - a potion of haste
 s - a potion of flight
 D - 2 potions of might
 I - a potion of heal wounds
 K - a potion of lignification {unknown}
Comestibles
 c - 32 rations


   Skills:
 + Level 3.0 Fighting
 - Level 2.0 Long Blades
   Level 2.0 Maces & Flails
 * Level 0.9 Armour
 - Level 9.0 Dodging
 + Level 5.9 Stealth
 + Level 5.0 Spellcasting
 * Level 10.0 Necromancy
 - Level 4.0 Invocations
 + Level 5.2 Evocations


You had 10 spell levels left.
You knew the following spells:

 Your Spells              Type           Power        Failure   Level  Hunger
a - Pain                  Necr           ####         1%          1    None
e - Animate Dead          Necr           N/A          3%          4    ####...
h - Vampiric Draining     Necr           ######....   1%          3    ##.....
y - Animate Skeleton      Necr           N/A          1%          1    None

Your spell library contained the following spells:

 Spells                   Type           Power        Failure   Level  Hunger
 Beastly Appendage        Tmut           #.....       24%         1    None
 Sticks to Snakes         Tmut           #.......     36%         2    None
 Spider Form              Tmut/Pois      #.........   58%         3    ##.....
 Ice Form                 Ice/Tmut       #.......     94%         4    ####...
 Blade Hands              Tmut           #.........   100%        5    #####..
 Regeneration             Chrm/Necr      Unusable     N/A         3    N/A

Dungeon Overview and Level Annotations

Branches:
Dungeon (10/15)            Temple (0/1) D:7
   Lair: D:8-11         Orc: D:9-12

Altars:
Cheibriados
Fedhas
Hepliaklqana
Makhleb
Okawaru
Xom
Yredelemnul

Shops:
D:9 =


Innate Abilities, Weirdness & Mutations

You are resistant to damage.
You can heal yourself by infusing magical energy.
You passively map the area around you.
You do not regenerate.


Message History

Makhleb accepts your kill.
You can now summon a lesser servant of Makhleb.
You feel life coursing into your body.
You hear an angry buzzing noise. x2; You hear a howl!
You hit the two-headed ogre.
The two-headed ogre writhes in agony!
The two-headed ogre is lightly wounded.
The two-headed ogre barely misses you.
The two-headed ogre hits you with a +0 giant club!!
Casting: Vampiric Draining (safe; 1% risk of failure)
Confirm with . or Enter, or press ? or * to list all spells.
Aiming: Vampiric Draining (safe; 1% risk of failure)
Press: ? - help, Shift-Dir - straight line, f - two-headed ogre
Aim: a two-headed ogre, wielding two +0 giant clubs (lightly wounded)
You feel a surge of power!
The two-headed ogre is moderately wounded.
You feel life coursing into your body.
The two-headed ogre hits you with a +0 giant club!!
* * * LOW HITPOINT WARNING * * *
The two-headed ogre hits you with a +0 giant club!
You die...

#.(....#
#......#
#......#
####....#.#
#....####.#
#.#### #.#
*#.# #.#
##.#.#######.#
#..)oO@).(...#
##.#)#######.#
#.#.# *#,#o#
**** o..* , ,,
, ... * * ....
** * * ,, ,,
... * , , ,, ,


You could see a two-headed ogre and an orc wizard.

Vanquished Creatures
  3 hippogriffs
  A wyvern (D:6)
  A steam dragon (D:9)
  Menkaure (D:7)
  Duvessa (D:7)
  An orc warrior (D:7)
  2 ice beasts
  2 sky beasts
  2 phantoms
  A black bear (D:9)
  A necrophage (D:6)
  6 ogres
  4 centaurs
  A crocodile (D:9)
  5 bullfrogs
  Dowan (D:7)
  A gnoll sergeant (D:6)
  4 scorpions
  4 wights (D:5)
  A crimson imp (D:7)
  6 hounds
  A bullfrog zombie (D:5)
  2 jellies
  3 orc priests
  A centaur skeleton (D:9)
  8 orc wizards
  Crazy Yiuf (D:2)
  A gnoll shaman (D:7)
  5 iguanas
  8 worker ants
  4 hound skeletons
  A worker ant zombie (D:8)
  6 adders
  12 gnolls
  3 oozes
  2 worms (D:2)
  4 dart slugs (D:1)
  5 leopard geckos
  25 orcs
  9 giant cockroaches
  5 goblins
  10 hobgoblins
  6 jackals
  8 quokkas
  A ball python (D:4)
  9 bats
  7 frilled lizards
  A jackal skeleton (D:4)
  10 kobolds
  5 rats
  A bush (D:2)
213 creatures vanquished.

Vanquished Creatures (collateral kills)
  An ice beast (D:7)
  An orc warrior (D:10)
  A bullfrog (D:7)
  2 orc wizards
  A gnoll (D:7)
  An adder zombie (D:7)
  An orc (D:10)
8 creatures vanquished.

Vanquished Creatures (others)
  An orc (D:9)
  A plant (D:7)
2 creatures vanquished.

Grand Total: 223 creatures vanquished

Notes
Turn   | Place    | Note
-------+----------+-------------------------------------------
     0 | D:1      | FishyPogo the Deep Dwarf Necromancer began the quest for
                  | the Orb.
     0 | D:1      | Reached XP level 1. HP: 15/15 MP: 3/3
   104 | D:1      | Reached XP level 2. HP: 16/22 MP: 1/4
   285 | D:1      | Learned a level 1 spell: Animate Skeleton
   416 | D:1      | Reached skill level 5 in Necromancy
   517 | D:1      | Reached XP level 3. HP: 12/28 MP: 0/6
   522 | D:1      | Learned a level 3 spell: Vampiric Draining
  1138 | D:2      | Reached XP level 4. HP: 30/36 MP: 0/7
  1556 | D:2      | Reached skill level 1 in Maces & Flails
  1910 | D:2      | Found a runed translucent door.
  1911 | D:2      | Noticed Crazy Yiuf
  1922 | D:2      | Killed Crazy Yiuf
  1922 | D:2      | Reached XP level 5. HP: 41/42 MP: 4/8
  2776 | D:4      | Noticed a phantom
  2875 | D:4      | Reached XP level 6. HP: 45/49 MP: 4/9
  3145 | D:4      | Reached skill level 6 in Necromancy
  3394 | D:4      | Reached XP level 7. HP: 20/55 MP: 4/11
  3800 | D:5      | Entered Level 5 of the Dungeon
  4194 | D:5      | Reached skill level 5 in Dodging
  4516 | D:5      | Reached skill level 7 in Necromancy
  4591 | D:5      | Found a snail-covered altar of Cheibriados.
  4591 | D:5      | Found a blossoming altar of Fedhas.
  4591 | D:5      | Found a burning altar of Makhleb.
  4597 | D:5      | Became a worshipper of Makhleb the Destroyer
  4700 | D:5      | Reached skill level 5 in Stealth
  4859 | D:5      | Reached XP level 8. HP: 36/62 MP: 4/12
  5037 | D:6      | Reached skill level 1 in Long Blades
  5067 | D:6      | Found an iron altar of Okawaru.
  5124 | D:6      | Found an iron altar of Okawaru.
  5467 | D:6      | Reached skill level 1 in Fighting
  5652 | D:6      | Reached skill level 1 in Invocations
  5652 | D:6      | Reached skill level 1 in Evocations
  5858 | D:7      | Noticed a hippogriff
  5858 | D:7      | Noticed a hippogriff
  5862 | D:7      | Reached skill level 8 in Necromancy
  5942 | D:7      | HP: 3/63 [hippogriff (8)]
  5943 | D:7      | Killed a hippogriff
  5984 | D:7      | Killed a hippogriff
  5984 | D:7      | Gained mutation: You passively map the area around you.
                  | [Deep Dwarf growth]
  5984 | D:7      | Reached XP level 9. HP: 17/70 MP: 2/14
  6075 | D:7      | Noticed Menkaure
  6153 | D:7      | Noticed Duvessa
  6153 | D:7      | Noticed Dowan
  6158 | D:6      | Reached * piety under Makhleb
  6333 | D:7      | Got a vibrating turquoise ring
  6334 | D:7      | Identified the ring of Immorality {Int+2 Dex+4} (You found
                  | it on level 7 of the Dungeon)
  6368 | D:7      | Found a basalt altar of Yredelemnul.
  6371 | D:7      | Found a shimmering altar of Xom.
  6374 | D:7      | Found a hazy altar of Hepliaklqana.
  6423 | D:7      | Found a staircase to the Ecumenical Temple.
  6517 | D:7      | Killed Duvessa
  6520 | D:7      | Killed Dowan
  6600 | D:7      | Identified a scroll of acquirement
  6713 | D:7      | Reached skill level 9 in Necromancy
  7098 | D:7      | Killed Menkaure
  7234 | D:7      | Reached ** piety under Makhleb
  7591 | D:8      | Reached XP level 10. HP: 81/81 MP: 6/16
  8083 | D:9      | Found Bempaxt's Jewellery Boutique.
  8634 | D:9      | Reached skill level 5 in Evocations
  8972 | D:10     | Entered Level 10 of the Dungeon
  8977 | D:10     | Reached skill level 5 in Spellcasting
  9004 | D:10     | Reached *** piety under Makhleb
  9291 | D:10     | Reached skill level 10 in Necromancy
  9375 | D:10     | Learned a level 4 spell: Animate Dead
  9465 | D:10     | Noticed a two-headed ogre
  9473 | D:10     | Slain by a two-headed ogre

Levels and vault maps discovered:
D:1:      dpeg_arrival_simpleton_b, layout_rooms, kennysheep_minor_cross,
          grunt_decor_cap
D:2:      layout_loops_ring, uniq_crazy_yiuf_cottage
D:3:      layout_loops_ring
D:4:      layout_basic, first_ration, minmay_cut_off
D:5:      layout_basic, gammafunk_temple_overflow_forgotten
D:6:      layout_loops_ring, kennysheep_mini_moat, basic_altar
D:7:      layout_basic, grunt_temple_overflow_diamond,
          minmay_temple_entry_gardened_gates, grunt_ogre_cave, uniq_duvessa,
          uniq_menkaure
D:8:      layout_rooms
D:9:      layout_long_grid, serial_shops, shop, nrook_mini_backslash
D:10:     layout_loops_ring, small_statue_intersection, minivault_29

Skill      XL: |  1  2  3  4  5  6  7  8  9 10 |
---------------+-------------------------------+-----
Necromancy     | 5 6 7 8 9 10 | 10.0
Spellcasting   | 2 3 4 5 |  5.0
Dodging        | 3 4 5 7 8 9 |  9.0
Maces & Flails | 1 2 |  2.0
Stealth        | 3 4 5 |  5.9
Long Blades    | 2 |  2.0
Fighting       | 1 2 3 |  3.0
Invocations    | 2 4 |  4.0
Evocations     | 2 4 5 |  5.2
Armour         | |  0.9

Action                   |  1- 3 |  4- 6 |  7- 9 | 10-12 || total
-------------------------+-------+-------+-------+-------++-------
Melee: Unarmed           |    23 |       |       |       ||    23
       Club              |    13 |       |       |       ||    13
       Whip              |    16 |    33 |       |       ||    49
       Quarterstaff      |       |    65 |    80 |       ||   145
       Short sword       |       |       |   168 |    17 ||   185
       Staff             |       |       |     8 |    23 ||    31
Throw: Stone             |     1 |       |       |       ||     1
       Boomerang         |       |       |     3 |       ||     3
 Cast: Pain              |    45 |    69 |    35 |    47 ||   196
       Animate Skeleton  |     3 |     2 |    13 |     3 ||    21
       Vampiric Draining |    10 |    12 |   102 |    19 ||   143
       Animate Dead      |       |       |       |     1 ||     1
Invok: Minor Destruction |       |       |     9 |     6 ||    15
       Lesser Servant of |       |       |       |     1 ||     1
 Abil: Heal Wounds       |     1 |       |     3 |       ||     4
Evoke: Wand              |       |       |       |     1 ||     1
  Use: Potion            |       |       |     6 |       ||     6
       Scroll            |       |       |    12 |     5 ||    17
 Stab: Sleeping          |     1 |     4 |     1 |     2 ||     8
       Paralysed         |       |       |     3 |       ||     3
       Distracted        |       |       |     1 |       ||     1
       Confused          |       |       |     1 |       ||     1
  Eat: Chunk             |     3 |     9 |    17 |     6 ||    35
       Ration            |       |       |     1 |       ||     1
Armor: Robe              |     3 |    17 |    67 |     9 ||    96
       Ring mail         |       |       |       |     2 ||     2
Dodge: Dodged            |    42 |    53 |   366 |    43 ||   504
